 Dungeon Crawl Stone Soup version 0.20-a0-926-g560771d (webtiles) character file.

27227 Isola the Spear-Bearer (level 13, -15/101 HPs)
             Began as a Merfolk Skald on Mar 28, 2017.
             Was a High Priest of Zin.
             Killed from afar by a lindwurm (32 damage)
             ... with a blast of flame
             ... on level 3 of the Lair of Beasts.
             The game lasted 00:39:57 (18460 turns).

Isola the Spear-Bearer (Merfolk Skald)             Turns: 18460, Time: 00:39:57

Health: -15/101    AC: 12    Str: 16    XL:     13   Next: 31%
Magic:  16/22      EV: 20    Int: 21    God:    Zin [*****.]
Gold:   859        SH:  0    Dex: 20    Spells: 8/16 levels left

rFire    . . .     SeeInvis .   h - +0 trident
rCold    . . .     Gourm    .   (no shield)
rNeg     . . .     Faith    .   q - +0 troll leather armour
rPois    ∞         Spirit   .   n - +0 helmet
rElec    .         Reflect  .   (no cloak)
rCorr    .         Harm     .   A - +2 pair of gloves
MR       .....                  g - +2 pair of boots
Stlth    +++.......             (no amulet)
Regen    0.7/turn               I - +2 ring of slaying
MPRegen  0.2/turn               L - ring of stealth

@: vitalised, shrouded, flying
A: change form in water, swift swim, stealthy swim
a: Recite, Vitalisation, Imprison, Sanctuary, Donate Gold, Renounce Religion


You were on level 3 of the Lair of Beasts.
You worshipped Zin.
Zin was extremely pleased with you.
You were very hungry.

You visited 3 branches of the dungeon, and saw 14 of its levels.

You collected 954 gold pieces.
You donated 95 gold pieces to Zin.

Inventory:

Hand Weapons
 a - a +1 spear of flaming
 h - a +0 trident (weapon)
 J - a +2 scimitar of flaming
Missiles
 e - 10 javelins (quivered)
 R - 8 silver javelins
Armour
 b - a +0 leather armour
 g - a +2 pair of boots (worn)
 n - a +0 helmet (worn)
 q - a +0 troll leather armour (worn)
 A - a +2 pair of gloves (worn)
Jewellery
 H - an uncursed ring of protection from cold
 I - a +2 ring of slaying (left hand)
 L - a ring of stealth (right hand)
 N - an uncursed amulet of faith
 O - a cursed ring of teleportation {unknown}
Wands
 f - a wand of lightning (14/15)
 m - a wand of lightning (4/15)
 x - a wand of lightning (5/15)
Scrolls
 i - 2 scrolls of recharging
 j - a scroll of magic mapping
 l - 5 scrolls of teleportation
 t - 2 scrolls of blinking
 w - 2 scrolls of enchant armour
 y - a scroll of fear
 E - 3 scrolls of amnesia
 F - 3 scrolls of remove curse
 M - a scroll of holy word
 P - 3 scrolls of identify
Potions
 c - 2 potions of agility
 k - a potion of magic
 p - a potion of resistance
 s - 3 potions of curing
 u - a potion of flight
 v - a potion of cancellation
 C - 2 potions of brilliance
 D - a potion of invisibility
 G - a potion of heal wounds
 K - 4 potions of haste
 Q - 2 potions of might
Comestibles
 d - 8 bread rations
 o - 7 fruits
 r - 5 meat rations
 B - 13 royal jellies


   Skills:
 - Level 9.6 Fighting
 - Level 14.5 Polearms
 * Level 4.1 Armour
 + Level 10.3 Dodging
 - Level 2.0 Spellcasting
 - Level 11.0 Charms
 * Level 12.5 Invocations


You had 8 spell levels left.
You knew the following spells:

 Your Spells              Type           Power        Failure   Level  Hunger
a - Infusion              Chrm           ####         1%          1    #......
b - Shroud of Golubria    Chrm/Tloc      ####......   2%          2    ##.....
c - Song of Slaying       Chrm           #####...     1%          2    ##.....
d - Spectral Weapon       Hex/Chrm       ####....     6%          3    ###....


Dungeon Overview and Level Annotations

Branches:
Dungeon (10/15)            Temple (1/1) D:7            Lair (3/6) D:8
 Shoals (0/4) Lair:3        Snake (0/4) Lair:2          Orc (0/2) D:10

Altars:
Ashenzari
Cheibriados
Dithmenos
Elyvilon
Fedhas
Gozag
Hepliaklqana
Kikubaaqudgha
Makhleb
Nemelex Xobeh
Okawaru
Qazlal
Ru
Sif Muna
Trog
Uskayaw
Vehumet
Wu Jian
Xom
Yredelemnul
Zin
The Shining One


Message History

The lindwurm breathes flames at you. The blast of flame hits you!
Found a fan of gales and a lamp of fire.
Found an escape hatch in the floor.
Found a potion of heal wounds and 13 stones.
Attack whom?
Press: ? - help, Dir - move target cursor, f - lindwurm
Aim: a lindwurm You reach to attack!
You hit the lindwurm but do no damage.
Your spectral weapon hits the lindwurm from afar.
The lindwurm breathes flames at you. The blast of flame hits you!
You are too injured to fight recklessly!
You are too injured to fight recklessly!
The lindwurm breathes flames at you. The blast of flame hits you!
* * * LOW HITPOINT WARNING * * *
The lindwurm breathes flames at you. The blast of flame hits you!
You die...

..###........................###≈
..# #..........................##
#.###............................
#..#.....§§......................
P.....§§§§≈§.....................
......§≈§§≈§§§...................
...§≈≈§≈§§§§≈§§≈......#.#........
..§§≈§§≈§§§§§≈§≈§....###........#
..§§≈≈≈§§§§§≈§(≈@≈....##..#......
..≈≈≈≈§§....≈≈≈§§§......#.....##.
.§≈≈≈≈.§.##.kk≈§§≈≈..............
.§§§≈≈..####.k≈§≈§§..P#....##...#
.≈≈§§. ?.#k§§≈≈§......#.#...##
§§≈§≈.# !>[$##§≈§≈§≈...####....##
§§§≈≈.# (})?##.≈≈§≈≈....####.....
§§≈≈≈.. . .#..≈§≈≈...§..........
.§≈≈≈§..# ##..≈§≈≈≈..............


You could see 4 lindwurms and a friendly spectral trident.

Vanquished Creatures
  Rupert (Lair:3)
  A hydra (Lair:2)
  Harold (Lair:1)
  Erica (D:8)
  6 two-headed ogres
  An unseen horror (D:10)
  Pikel (D:4)
  A merfolk siren (Lair:3)
  A black mamba (Lair:2)
  A guardian serpent (Lair:2)
  Joseph (D:8)
  6 spiny frogs
  Psyche (D:8)
  3 rime drakes
  A komodo dragon (Lair:3)
  A queen bee (D:9)
  3 trolls
  Grinder (D:6)
  5 hippogriffs
  9 blink frogs (Lair:2)
  Sigmund (D:3)
  2 wyverns
  A wraith (D:10)
  11 yaks
  A basilisk (Lair:1)
  Eustachio (D:6)
  A steam dragon (D:9)
  The ghost of Rrauwl the Shooter, an amateur BaHu (D:4)
  Menkaure (D:5)
  Duvessa (D:5)
  7 porcupines
  6 water moccasins
  4 sky beasts
  2 orc warriors
  4 slaves (D:4)
  A black bear (D:9)
  A phantom (D:8)
  6 centaurs
  5 ogres
  8 wolves (Lair:3)
  6 crocodiles
  A big kobold (D:8)
  7 bullfrogs
  Blork the orc (D:5)
  Dowan (D:5)
  A wyvern zombie (D:4)
  A water moccasin skeleton (D:9)
  27 killer bees
  7 wights (D:10)
  2 howler monkeys
  A crimson imp (D:7)
  A jelly (D:8)
  4 hounds
  4 orc priests
  4 bullfrog skeletons
  8 orc wizards
  A centaur skeleton (D:5)
  3 worker ants
  5 iguanas
  A killer bee zombie (D:8)
  A hound zombie (D:7)
  2 hound skeletons
  2 worker ant zombies
  11 gnolls
  15 adders
  A shadow imp (D:7)
  2 dart slugs (D:1)
  7 leopard geckos
  25 orcs
  4 giant cockroaches
  20 goblins
  13 hobgoblins
  14 jackals
  15 kobolds
  3 quokkas
  9 bats
  6 frilled lizards
  A quokka skeleton (D:9)
  8 rats
356 creatures vanquished.

Vanquished Creatures (others)
  A kraken (D:1)
  A ghoul (D:1)
  2 gargoyles (D:1)
  An elf (D:1)
  A spriggan (D:1)
  2 vampires (D:1)
  A naga (D:1)
  A porcupine (D:8)
  An ogre (D:1)
  A kobold (D:1)
  13 fungi
  10 plants
  9 spectral weapons
  7 tentacles (D:1)
51 creatures vanquished.

Grand Total: 407 creatures vanquished

Notes
Turn   | Place    | Note
-------+----------+-------------------------------------------
     0 | D:1      | Isola the Merfolk Skald began the quest for the Orb.
     0 | D:1      | Reached XP level 1. HP: 16/16 MP: 3/3
     2 | D:1      | Noticed an ogre
     2 | D:1      | Noticed a ghoul
     2 | D:1      | Noticed a gargoyle
     2 | D:1      | Noticed a spriggan
     2 | D:1      | Noticed a spriggan
     2 | D:1      | Noticed a vampire
     2 | D:1      | Noticed a vampire
     2 | D:1      | Noticed a kraken
     2 | D:1      | Noticed a gargoyle
     2 | D:1      | Noticed a ghoul
     2 | D:1      | Noticed an elf
     2 | D:1      | Noticed a naga
     2 | D:1      | Noticed a minotaur
     5 | D:1      | Killed a vampire
     7 | D:1      | Killed a gargoyle
     7 | D:1      | Killed a spriggan
     8 | D:1      | Killed an elf
     8 | D:1      | Killed an ogre
     9 | D:1      | Killed a vampire
    10 | D:1      | Killed a ghoul
    11 | D:1      | Killed a gargoyle
    14 | D:1      | Killed a naga
    14 | D:1      | Killed a kraken
   395 | D:1      | Reached XP level 2. HP: 22/22 MP: 5/5
   917 | D:1      | Reached skill level 4 in Polearms
  1032 | D:1      | Reached XP level 3. HP: 27/27 MP: 6/6
  1361 | D:2      | Learned a level 2 spell: Shroud of Golubria
  1364 | D:2      | Learned a level 2 spell: Song of Slaying
  1384 | D:2      | Found a bloodstained altar of Trog.
  2142 | D:2      | Reached XP level 4. HP: 32/33 MP: 1/7
  2607 | D:3      | Reached skill level 5 in Polearms
  3001 | D:3      | Reached XP level 5. HP: 31/38 MP: 3/8
  3070 | D:3      | Noticed Sigmund
  3102 | D:3      | Killed Sigmund
  3102 | D:3      | Reached skill level 6 in Polearms
  3102 | D:3      | Reached skill level 5 in Dodging
  3102 | D:3      | Reached XP level 6. HP: 28/44 MP: 6/9
  3547 | D:4      | Reached skill level 7 in Polearms
  4033 | D:4      | Learned a level 3 spell: Spectral Weapon
  4137 | D:4      | Reached XP level 7. HP: 50/50 MP: 4/10
  4233 | D:4      | Noticed Pikel
  4359 | D:4      | Reached skill level 5 in Charms
  4443 | D:4      | Found a white marble altar of Elyvilon.
  4444 | D:4      | Found a stormy altar of Qazlal.
  4515 | D:4      | Reached skill level 8 in Polearms
  4618 | D:4      | Found an ornate altar of the Wu Jian Council.
  4618 | D:4      | Found a shadowy altar of Dithmenos.
  4618 | D:4      | Noticed Rrauwl's ghost (amateur BaHu)
  4644 | D:4      | Killed Rrauwl's ghost
  5045 | D:4      | Reached skill level 9 in Polearms
  5571 | D:4      | Killed Pikel
  5571 | D:4      | Reached skill level 10 in Polearms
  5571 | D:4      | Reached XP level 8. HP: 32/56 MP: 1/11
  5727 | D:5      | Entered Level 5 of the Dungeon
  5890 | D:5      | Noticed Duvessa
  5890 | D:5      | Noticed Dowan
  5908 | D:5      | Killed Duvessa
  5908 | D:5      | Reached skill level 11 in Polearms
  5938 | D:5      | Killed Dowan
  5938 | D:5      | Reached XP level 9. HP: 48/61 MP: 6/12
  6057 | D:5      | Noticed Menkaure
  6067 | D:5      | Killed Menkaure
  6241 | D:5      | Noticed Blork the orc
  6255 | D:5      | Killed Blork the orc
  6337 | D:5      | Learned a level 3 spell: Regeneration
  6814 | D:6      | Found a glowing golden altar of the Shining One.
  6825 | D:6      | Noticed Grinder
  6837 | D:6      | Killed Grinder
  6837 | D:6      | Reached skill level 12 in Polearms
  7348 | D:6      | Noticed Eustachio
  7462 | D:6      | Killed Eustachio
  7938 | D:7      | Found a staircase to the Ecumenical Temple.
  7947 | Temple   | Entered the Ecumenical Temple
  8012 | Temple   | Became a worshipper of Zin the Law-Giver
  8012 | Temple   | Reached * piety under Zin
  8079 | D:7      | Reached ** piety under Zin
  8160 | D:7      | Reached skill level 1 in Invocations
  8377 | D:7      | Reached skill level 13 in Polearms
  8569 | D:8      | Noticed a two-headed ogre
  8579 | D:8      | Zin protects you from harm!
  8907 | D:8      | Reached XP level 10. HP: 73/73 MP: 10/13
  8913 | D:8      | Noticed Erica
  8914 | D:8      | Noticed a two-headed ogre
  9216 | D:7      | Reached skill level 5 in Fighting
  9373 | D:8      | Killed a two-headed ogre
  9373 | D:8      | Reached skill level 14 in Polearms
  9605 | D:8      | Noticed Psyche
  9642 | D:8      | HP: 3/75 [something (8)]
  9642 | D:8      | Zin protects you from harm!
  9646 | D:8      | Killed Erica
 10159 | D:8      | Killed Psyche
 10293 | D:8      | Found a blossoming altar of Fedhas.
 10517 | D:8      | Found a staircase to the Lair.
 10517 | D:8      | Noticed Joseph
 10536 | D:8      | Killed Joseph
 10536 | D:8      | Reached skill level 5 in Invocations
 10547 | D:8      | Killed a two-headed ogre
 10547 | D:8      | Reached XP level 11. HP: 23/83 MP: 10/15
 10811 | D:8      | Reached *** piety under Zin
 11030 | D:8      | Noticed a two-headed ogre
 11050 | D:8      | Killed a two-headed ogre
 11227 | D:9      | Noticed a two-headed ogre
 11240 | D:9      | Killed a two-headed ogre
 11254 | D:9      | Found a snail-covered altar of Cheibriados.
 11463 | D:9      | Noticed a two-headed ogre
 11480 | D:9      | Killed a two-headed ogre
 11783 | D:9      | Reached skill level 10 in Charms
 12166 | D:9      | Found a deep blue altar of Sif Muna.
 12166 | D:9      | Found an iron altar of Okawaru.
 12473 | D:9      | Found a white marble altar of Elyvilon.
 12547 | D:10     | Entered Level 10 of the Dungeon
 12837 | D:10     | Reached **** piety under Zin
 12924 | D:10     | HP: 4/87 [something (3)]
 12925 | D:10     | HP: 1/87 [something (3)]
 12927 | D:10     | Reached XP level 12. HP: 1/94 MP: 9/19
 12932 | D:10     | Found a staircase to the Orcish Mines.
 13275 | D:10     | Reached ***** piety under Zin
 13495 | D:10     | Found a glowing silver altar of Zin.
 13681 | D:10     | Reached skill level 10 in Invocations
 14222 | D:8      | Noticed a two-headed ogre
 14231 | D:8      | Killed a two-headed ogre
 14253 | Lair:1   | Entered Level 1 of the Lair of Beasts
 14658 | Lair:1   | Noticed Harold
 14931 | Lair:1   | Killed Harold
 15173 | Lair:1   | Found a white marble altar of Elyvilon.
 15655 | Lair:2   | Found a staircase to the Snake Pit.
 15871 | Lair:2   | Reached skill level 1 in Armour
 16523 | Lair:2   | Noticed a seven-headed hydra
 16532 | Lair:2   | Killed a seven-headed hydra
 16532 | Lair:2   | Reached XP level 13. HP: 69/101 MP: 11/21
 17083 | Lair:3   | Found a staircase to the Shoals.
 17125 | Lair:3   | Noticed Rupert
 17279 | Lair:3   | Reached skill level 10 in Dodging
 18179 | Lair:3   | Killed Rupert
 18460 | Lair:3   | Killed from afar by a lindwurm

Vault maps used:
D:1:      nicolae_arrival_kraken_aquarium_b, item_on_display_a
D:2:      first_bread, bloody_trog
D:3:      minmay_misc_feat_nine_boxes, uniq_sigmund
D:4:      corexii_shantytown, minitemple,
          chequers_temple_overflow_statue_of_worship, serial_bayou_crossing,
          uniq_pikel
D:5:      uniq_duvessa, uniq_blork_the_orc, uniq_menkaure
D:6:      lemuel_statue_altar, uniq_eustachio, uniq_grinder
D:7:      minmay_temple_entry_hall
D:8:      fedhas_altar_3, grunt_lair_entry_orc_guard_hut, uniq_erica,
          uniq_joseph, uniq_psyche
D:9:      cheibriados_altar_1, gammafunk_temple_overflow_elements,
          david_nohive_1, elyvilon_altar_3
D:10:     orc_0_dummy, basic_altar, minmay_joined_circles
Temple:   nicolae_temple_great_sept
Lair:1:   lemuel_centaur_altar, lemuel_fruit_tree, lemuel_fruit_fields,
          uniq_harold
Lair:2:   minmay_snake_entry_spellcaster
Lair:3:   minmay_shoals_entry_lonely_mermaid, minmay_lindwurm_lava, uniq_rupert

Skill      XL: |  1  2  3  4  5  6  7  8  9 10 11 12 13 |
---------------+----------------------------------------+-----
Dodging        | 3 4 5 7 8 9 10 | 10.3
Polearms       | 4 5 6 7 10 11 13 14 | 14.5
Charms         | 4 6 8 9 10 11 | 11.0
Fighting       | 4 6 8 9 |  9.6
Invocations    | 2 6 9 11 12 | 12.5
Armour         | 2 4 |  4.1
Spellcasting   | |  2.0

Action                   |  1- 3 |  4- 6 |  7- 9 | 10-12 | 13-15 || total
-------------------------+-------+-------+-------+-------+-------++-------
Melee: Spear             |   136 |   265 |   657 |   674 |       ||  1732
       Tailslap          |       |       |     4 |       |       ||     4
       Trident           |       |       |       |   256 |   147 ||   403
Throw: Throwing net      |       |       |       |       |     1 ||     1
 Cast: Infusion          |     5 |     6 |    10 |     3 |     1 ||    25
       Shroud of Golubri |     2 |     6 |    23 |    46 |    10 ||    87
       Spectral Weapon   |       |       |    17 |    58 |    11 ||    86
       Regeneration      |       |       |     2 |       |       ||     2
       Song of Slaying   |       |       |     1 |     8 |       ||     9
Invok: Recite            |       |       |       |     7 |       ||     7
       Vitalisation      |       |       |       |     5 |     1 ||     6
       Sanctuary         |       |       |       |     1 |       ||     1
Evoke: Wand              |       |       |       |     1 |       ||     1
  Use: Potion            |       |     6 |     3 |     9 |     2 ||    20
       Scroll            |       |     5 |     6 |    20 |       ||    31
 Stab: Sleeping          |     1 |     1 |     4 |     3 |     2 ||    11
       Distracted        |       |       |     3 |     5 |     2 ||    10
       Confused          |       |       |       |     1 |       ||     1
       Held in net/web   |       |       |       |       |     2 ||     2
  Eat: Chunk             |     4 |     7 |    14 |    16 |     6 ||    47
       Bread ration      |       |       |     2 |     2 |       ||     4
       Fruit             |       |       |       |    12 |     1 ||    13
Armor: Leather armour    |    28 |    33 |   100 |    45 |       ||   206
       Troll leather arm |       |       |       |   138 |     9 ||   147
Dodge: Dodged            |    59 |   117 |   357 |   426 |    91 ||  1050
